 Dungeon Crawl Stone Soup version 0.21-a0-221-gfe971b9 (webtiles) character file.

8896 motkurip the Fighter (level 11, 86/95 HPs)
             Began as a Formicid Abyssal Knight on Aug 26, 2017.
             Was a High Priest of Lugonu.
             Got out of the dungeon alive.
             The game lasted 00:30:34 (12685 turns).

motkurip the Fighter (Formicid Abyssal Knight)     Turns: 12685, Time: 00:30:35

Health: 86/95      AC: 12    Str: 18    XL:     11   Next: 64%
Magic:  12/12      EV: 11    Int: 13    God:    Lugonu [*****.]
Gold:   349        SH:  5    Dex: 13    Spells: 10/10 levels left

rFire    + + .     SeeInvis +   b - +0 war axe
rCold    + + .     Gourm    .   j - +0 buckler
rNeg     + . .     Faith    .   w - +3 ring mail {rN+}
rPois    .         Spirit   .   (helmet unavailable)
rElec    .         Reflect  .   e - scarf {rC+ rF+}
rCorr    .         Harm     .   x - +0 pair of gloves
MR       +....                  I - +0 pair of boots
Stlth    +.........             (no amulet)
HPRegen  0.25/turn              n - ring of protection from cold
MPRegen  0.13/turn              u - ring of protection from fire

@: no status effects
A: permanent stasis, dig shafts and tunnels, four strong arms, antennae 3, agile
1, wild magic 1
a: Dig, Shaft Self, Depart the Abyss, Bend Space, Banish, Corrupt, Enter the
Abyss, Renounce Religion


You escaped.
You worshipped Lugonu.
Lugonu was extremely pleased with you.
You were hungry.

You visited 1 branch of the dungeon, and saw 10 of its levels.
You visited the Abyss 1 time.
You also visited: Sewer.

You collected 531 gold pieces.
You spent 182 gold pieces at shops.

Inventory:

Hand Weapons
 b - a +0 war axe (weapon)
 g - a +4 spear
 z - a +0 trident
Missiles
 G - 2 throwing nets (quivered)
Armour
 e - a scarf of resistance (worn)
 j - a +0 buckler (worn)
 w - a +3 ring mail of positive energy (worn)
 x - a +0 pair of gloves (worn)
 I - a +0 pair of boots (worn)
Jewellery
 n - a ring of protection from cold (left hand)
 u - a ring of protection from fire (right hand)
Wands
 a - a wand of paralysis (3/24)
Scrolls
 d - 3 scrolls of enchant weapon
 f - 2 scrolls of immolation
 l - a scroll of amnesia
 m - 2 scrolls of fear
 o - 3 scrolls of remove curse
 t - a scroll of enchant armour
 y - a scroll of fog
 F - 3 scrolls of identify
Potions
 p - 2 potions of cancellation
 s - 2 potions of flight
 v - a potion of agility
 C - a potion of brilliance
 E - a potion of magic {unknown}
 H - a potion of curing
Comestibles
 c - 9 bread rations
 i - 5 meat rations
 q - a royal jelly


   Skills:
 + Level 11.9 Fighting
 * Level 3.5(7.5) Axes
 - Level 10.4(10.6) Polearms
 + Level 8.5 Armour
 - Level 1.3 Dodging
 - Level 4.2 Shields
 - Level 2.1 Invocations


You had 10 spell levels left.
You didn't know any spells.

Dungeon Overview and Level Annotations

Branches:
Dungeon (10/15)            Temple (0/1) D:5            Lair (0/6) D:9
    Orc: D:9-12

Altars:
Dithmenos
Hepliaklqana
Makhleb
Qazlal
Ru
Wu Jian

Shops:
D:4 ?   D:10 *


Innate Abilities, Weirdness & Mutations

You cannot be hasted, slowed, berserked, paralysed or teleported.
You can dig through walls and to a lower floor.
Your four strong arms can wield two-handed weapons with a shield.
You have a pair of large antennae on your head. (SInv)
You are agile. (Dex +2)
Your spells are a little harder to cast, but a little more powerful.


Message History

You slash the jackal!
You kill the jackal!
Lugonu accepts your kill.
No target in view!
A jackal comes into view.
The jackal barks!
You barely miss the jackal. The jackal barely misses you.
The jackal closely misses you.
You slash the jackal!
You kill the jackal!
Lugonu accepts your kill.
No target in view!
No target in view!
(D) Dungeon (T) Temple (L) Lair
Where to? (Enter - D:1 @ (x,y), ? - help)
Okay, then.
Unknown command.
There is a staircase leading out of the dungeon here.
Are you sure you want to leave the Dungeon?
This will make you lose the game!
You have escaped! ..#..# ## #...#.#####........ ..#..# ♣P♣ #...#.############# #.#..# .PPP

#...#...........# #.#..#
PPP.♣#...#..########.#
#.#..# P.♣PP#...#..# #.#
#.#..# .P..P#...#..# #.#
#.#..# PPPP.#...#..# #.#
#.#### .♣.♣.#...#..# #.#
#....# ...P.#.@.#..# #.#
####.#
PP♣♣P#...#..########.###
...#.#
.PP..#...#.............#
##.#.#
♣.P.♣#...#.............#
##.#.#
PP..♣#...##............#
...#.# ♣.P
♣#...##............#
####.# .♣
#...###########'###
.....# #...# #.# ######
#...# #.#


There were no monsters in sight!

Vanquished Creatures
  2 two-headed ogres
  An unseen horror (D:10)
  The ghost of Shiggs the Cudgeler, a novice CeFi (Sewer)
  2 tengu conjurers (D:9)
  A merfolk (D:9)
  A hornet (D:10)
  4 yaks (D:9)
  3 hungry ghosts
  A wyvern (D:10)
  A steam dragon (D:9)
  Menkaure (D:5)
  3 soldier ants (D:10)
  2 orc warriors
  2 ice beasts
  5 black bears
  2 necrophages (D:6)
  4 phantoms
  2 ogres
  4 centaurs
  2 big kobolds
  7 bullfrogs
  A wyvern zombie (D:8)
  3 scorpions
  4 killer bees
  A howler monkey (D:9)
  3 crimson imps
  3 hounds
  A bullfrog zombie (D:6)
  2 quasits
  A centaur skeleton (D:6)
  6 orc priests
  2 bullfrog skeletons (D:8)
  8 orc wizards
  Jessica (D:2)
  2 iguanas
  9 worker ants
  A hound zombie (D:7)
  2 hound skeletons
  2 worker ant zombies
  A howler monkey zombie (D:6)
  Robin (D:2)
  10 adders
  2 river rats (D:4)
  7 oozes
  2 adder zombies
  4 worms
  5 dart slugs (D:1)
  5 leopard geckos
  45 orcs
  4 ball pythons (D:4)
  9 bats
  10 giant cockroaches
  17 goblins
  5 hobgoblins
  18 jackals
  2 quokkas
  11 frilled lizards
  12 kobolds
  A leopard gecko zombie (D:8)
  A quokka skeleton (D:4)
  5 rats
280 creatures vanquished.

Notes
Turn   | Place    | Note
-------+----------+-------------------------------------------
     0 | Abyss:1  | motkurip the Formicid Abyssal Knight began the quest for the Orb.
     0 | Abyss:1  | Reached XP level 1. HP: 18/18 MP: 2/2
    67 | Abyss:1  | Noticed a flying skull
    69 | D:1      | Escaped the Abyss
   230 | D:1      | Reached skill level 1 in Dodging
   284 | D:1      | Reached * piety under Lugonu
   286 | D:1      | Reached XP level 2. HP: 24/24 MP: 3/3
   292 | D:1      | Reached skill level 1 in Polearms
   584 | D:1      | Reached XP level 3. HP: 25/29 MP: 4/4
  1135 | D:2      | Noticed Jessica
  1142 | D:2      | Killed Jessica
  1142 | D:2      | Reached XP level 4. HP: 18/37 MP: 5/5
  1582 | D:2      | Noticed Robin
  1639 | D:2      | Killed Robin
  1666 | D:2      | Reached XP level 5. HP: 35/42 MP: 6/6
  1673 | D:2      | Reached ** piety under Lugonu
  1775 | D:2      | Reached skill level 4 in Fighting
  2881 | D:3      | Reached XP level 6. HP: 48/49 MP: 7/7
  3570 | D:4      | Found Teimups's Magic Scroll Emporium.
  3577 | D:4      | Noticed a phantom
  3613 | D:4      | Killed a phantom
  3631 | D:4      | Reached skill level 5 in Polearms
  3631 | D:4      | Reached XP level 7. HP: 44/55 MP: 8/8
  3667 | D:4      | Reached skill level 5 in Fighting
  3717 | D:4      | Found a shadowy altar of Dithmenos.
  3873 | D:4      | Found a stormy altar of Qazlal.
  4071 | D:4      | Found a glowing drain.
  4090 | Sewer    | Entered a sewer
  4093 | Sewer    | Reached *** piety under Lugonu
  4109 | Sewer    | Noticed Shiggs's ghost (novice CeFi)
  4153 | Sewer    | Killed Shiggs's ghost
  4153 | Sewer    | Reached XP level 8. HP: 25/64 MP: 9/9
  4985 | D:5      | Entered Level 5 of the Dungeon
  5166 | D:5      | Found a hazy altar of Hepliaklqana.
  5219 | D:5      | Noticed Menkaure
  5221 | D:5      | Gained mutation: You are agile. (Dex +2) [potion of mutation]
  5221 | D:5      | Gained mutation: Your spells are a little harder to cast, but a little more powerful. [potion of mutation]
  5230 | D:5      | Killed Menkaure
  5230 | D:5      | Reached skill level 6 in Fighting
  5240 | D:5      | Found a staircase to the Ecumenical Temple.
  5684 | D:6      | Reached skill level 5 in Armour
  5756 | D:6      | Reached XP level 9. HP: 56/71 MP: 10/10
  5916 | D:6      | Reached **** piety under Lugonu
  5953 | D:6      | Reached skill level 7 in Fighting
  6698 | D:7      | Found a burning altar of Makhleb.
  7653 | D:8      | Reached XP level 10. HP: 76/79 MP: 11/11
  7839 | D:8      | Reached skill level 8 in Fighting
  9036 | D:9      | Found a staircase to the Lair.
  9188 | D:10     | Entered Level 10 of the Dungeon
  9248 | D:10     | Reached skill level 9 in Fighting
  9250 | D:10     | Reached ***** piety under Lugonu
  9622 | D:10     | Noticed an unseen horror
  9634 | D:10     | Killed an unseen horror
  9634 | D:10     | Reached skill level 10 in Fighting
  9926 | D:9      | Reached skill level 11 in Fighting
 10234 | D:9      | Found a burning altar of Makhleb.
 10234 | D:9      | Found a sacrificial altar of Ru.
 10270 | D:9      | Noticed a two-headed ogre
 10278 | D:9      | Killed a two-headed ogre
 10278 | D:9      | Reached XP level 11. HP: 93/93 MP: 12/12
 10311 | D:9      | Found an ornate altar of the Wu Jian Council.
 10462 | D:9      | Reached skill level 10 in Polearms
 10767 | D:9      | HP: 3/93 [yak (13)]
 11747 | D:10     | Found Tikics's Assorted Antiques.
 11755 | D:10     | Bought a potion of curing for 84 gold pieces
 11778 | D:10     | Bought a war axe for 98 gold pieces
 12065 | D:10     | Noticed a two-headed ogre
 12090 | D:10     | Killed a two-headed ogre
 12685 | D:$      | Got out of the dungeon alive.

Vault maps used:
D:1:      minmay_arrival_arboretum_small, st_stairs_9
D:2:      uniq_jessica, uniq_robin
D:4:      nicolae_dithmenos_shadow_blocks, lemuel_round_altar,
          portal_sewer_entry_e, serial_shops, shop, first_bread
D:5:      nicolae_overflow_crystal_walls, minmay_temple_entry_grid,
          uniq_menkaure
D:7:      basic_altar
D:9:      gammafunk_temple_overflow_elements, lemuel_crystal_altar,
          dpeg_oklobed_lair, hangedman_fish_farm
D:10:     hiddenorc1_lemuel, serial_shops, nicolae_shop_trees, minivault_29
Sewer:    sewer_fruit_machine

Skill      XL: |  1  2  3  4  5  6  7  8  9 10 11 |
---------------+----------------------------------+-----
Dodging        | 1 |  1.3
Polearms       | 1 2 3 4 5 6 7 9 10 | 10.4
Fighting       | 4 5 6 7 11 | 11.9
Armour         | 4 5 6 7 8 |  8.5
Shields        | 4 |  4.2
Axes           | 3 |  3.5
Invocations    | |  2.1

Action                   |  1- 3 |  4- 6 |  7- 9 | 10-12 || total
-------------------------+-------+-------+-------+-------++-------
Melee: Spear             |    99 |   193 |   547 |   546 ||  1385
       Hand axe          |     2 |       |       |       ||     2
       War axe           |       |       |       |   112 ||   112
Invok: Depart the Abyss  |     1 |       |       |       ||     1
 Abil: Dig               |       |       |       |     9 ||     9
Evoke: Wand              |     1 |       |       |     8 ||     9
  Use: Scroll            |     1 |    10 |     1 |     3 ||    15
       Potion            |       |     1 |     8 |     8 ||    17
 Stab: Sleeping          |     1 |       |       |       ||     1
       Distracted        |       |     1 |       |       ||     1
       Invisible         |       |       |     4 |    14 ||    18
       Paralysed         |       |       |       |    16 ||    16
  Eat: Chunk             |     1 |     7 |    10 |     8 ||    26
       Fruit             |       |     1 |       |       ||     1
       Royal jelly       |       |       |     3 |       ||     3
       Meat ration       |       |       |       |     3 ||     3
Armor: Leather armour    |    14 |    14 |       |       ||    28
       Scale mail        |       |    19 |    69 |       ||    88
       Skin              |       |       |    21 |       ||    21
       Ring mail         |       |       |    53 |   141 ||   194
Dodge: Dodged            |    34 |    52 |   158 |   204 ||   448
Block: Buckler           |       |       |       |    54 ||    54

Table legend:
 A = Spawn XP
 B = Non-spawn XP
 C = Spawn XP percentage of total XP
 D = Spawn monster count
 E = Non-spawn monster count
 F = Spawn count percentage of total count
 G = Total turns spent on level
                    A         B        C        D         E        F      G
               +---------+---------+-------+---------+---------+-------+---------
         Total |    2240 |   10469 |  17.6 |      40 |     240 |  14.3 | 12685
               +---------+---------+-------+---------+---------+-------+---------
           D:1 |       8 |      59 |  11.9 |       4 |      28 |  12.5 |  1094
           D:2 |       4 |     116 |   3.3 |       2 |      26 |   7.1 |  1206
           D:3 |       0 |     181 |   0.0 |       0 |      17 |   0.0 |  1250
           D:4 |     122 |     332 |  26.9 |       5 |      27 |  15.6 |   698
           D:5 |       0 |     379 |   0.0 |       0 |       5 |   0.0 |   639
           D:6 |     115 |     789 |  12.7 |       2 |      17 |  10.5 |   901
           D:7 |     328 |     684 |  32.4 |       4 |      16 |  20.0 |  1393
           D:8 |      33 |    1027 |   3.1 |       5 |      19 |  20.8 |  1125
           D:9 |    1401 |    2572 |  35.3 |      16 |      17 |  48.5 |  2307
          D:10 |     229 |    3810 |   5.7 |       2 |      43 |   4.4 |  1173
         Sewer |       0 |     520 |   0.0 |       0 |      25 |   0.0 |   830
               +---------+---------+-------+---------+---------+-------+---------
